 Dungeon Crawl Stone Soup version 0.20-a0-435-gf4ea4dd (webtiles) character file.

445 kuniqs the Skirmisher (level 7, 0/38 HPs)
             Began as a Vine Stalker Artificer on Jan 5, 2017.
             Slain by an ufetubus (2 damage)
             ... summoned by Eustachio
             ... on level 4 of the Dungeon.
             The game lasted 00:05:37 (2748 turns).

kuniqs the Skirmisher (Vine Stalker Artificer)      Turns: 2748, Time: 00:05:37

Health: 0/38       AC:  2    Str: 14    XL:     7   Next: 3%
Magic:  0/10       EV: 13    Int: 11    God:
Gold:   164        SH:  0    Dex: 17    Spells: 6/6 levels left

rFire  . . .     SeeInvis .     a - +0 short sword
rCold  + + .     Gourm    .     m - +0 ring mail
rNeg   . . .     Faith    .     (no shield)
rPois  .         Spirit   +     (no helmet)
rElec  .         Reflect  .     (no cloak)
rCorr  .         Harm     .     (no gloves)
MR     .....                    (no boots)
Stlth  +.........               (no amulet)
                                (no ring)
                                q - ring of protection from cold

@: no status effects
A: fangs 2, cold resistance 1, deformed body, regeneration 1, screaming 1, magic
shield, antimagic bite, no potion heal 3, rot immunity
a: no special abilities


You were on level 4 of the Dungeon.
You were not hungry.

You visited 1 branch of the dungeon, and saw 5 of its levels.

You collected 164 gold pieces.

Inventory:

Hand Weapons
 a - a +0 short sword (weapon)
Armour
 m - a +0 ring mail (worn)
Jewellery
 q - a ring of protection from cold (left hand)
Wands
 c - a wand of flame (1/48)
 f - a wand of enslavement (15/24)
 r - a wand of random effects (7/48)
 t - a wand of random effects (28/48)
Scrolls
 b - 4 scrolls of teleportation
 g - 3 scrolls of recharging {unknown}
 h - a scroll of remove curse {unknown}
 k - 4 scrolls of identify {unknown}
 p - 2 scrolls of amnesia {unknown}
Potions
 i - 2 potions of cancellation {unknown}
 j - 2 potions of curing {@q1}
 n - 2 potions of heal wounds {unknown}
 o - a potion of lignification {unknown}
Comestibles
 d - 4 bread rations
 e - a meat ration
 l - a slice of pizza
 s - a beef jerky


   Skills:
 + Level 4.5 Fighting
 - Level 0.8 Short Blades
 + Level 4.3 Dodging
 - Level 1.2 Stealth
 - Level 2.6 Evocations


You had 6 spell levels left.
You didn't know any spells.

Dungeon Overview and Level Annotations

Branches:
Dungeon (5/15)
 Temple: D:4-7

Altars:

Shops:
D:4 (

Annotations:
D:4 Eustachio


Innate Abilities, Weirdness & Mutations

You have extremely sharp teeth.
Your natural rate of healing is unusually fast.
When hurt, damage is shared between your health and your magic reserves.
Your bite disrupts and absorbs the magic of your enemies.
Potions cannot restore your health.
You are immune to rotting.
Your flesh is cold resistant. (rC+)
Armour fits poorly on your strangely shaped body.
You occasionally shout uncontrollably at your foes.


Message History

You hit Eustachio but do no damage. The ufetubus closely misses you.
The ufetubus barely misses you. The giant cockroach closely misses you.
The ufetubus misses you. The ufetubus closely misses you.
Eustachio hits you with a rapier.
* * * LOW HITPOINT WARNING * * *
You closely miss Eustachio. The giant cockroach bites you.
* * * LOW HITPOINT WARNING * * *
The ufetubus hits you but does no damage. x2
Eustachio falters for a moment.
The giant cockroach closely misses you. The ufetubus closely misses you.
The ufetubus hits you.
* * * LOW HITPOINT WARNING * * *
The ufetubus hits you.
* * * LOW HITPOINT WARNING * * *
The ufetubus misses you.
The ufetubus hits you but does no damage.
The ufetubus hits you.
* * * LOW HITPOINT WARNING * * *
The giant cockroach waves its antennae.
Eustachio falters for a moment.
The ufetubus hits you.
You die...

#....# #..###..
#.#..# #.## ##.
#.#..#####.####).
#...........))...
#..#######.#####.
#..# # # #. #..#
#. ##..# # ##
##@.##.... #
#s5.......# #
#.###...$.# #
#.@# #....# #
#.## ...## .. ..#
..% ..##########
.... ....S.......
.....
############


You could see Eustachio, an ufetubus and a giant cockroach.

Vanquished Creatures
  Grinder (D:4)
  2 orc wizards (D:4)
  2 centaur skeletons (D:4)
  Ijyb (D:3)
  4 adders (D:2)
  2 worms
  2 dart slugs
  3 leopard geckos
  4 orcs
  2 giant cockroaches
  3 goblins (D:2)
  6 hobgoblins
  6 jackals (D:4)
  5 kobolds
  3 ball pythons
  10 bats
  4 frilled lizards
  4 rats
64 creatures vanquished.

Notes
Turn   | Place    | Note
-------+----------+-------------------------------------------
     0 | D:1      | kuniqs the Vine Stalker Artificer began the quest for the Orb.
     0 | D:1      | Reached XP level 1. HP: 9/9 MP: 3/3
    77 | D:1      | Reached skill level 1 in Fighting
   112 | D:1      | Reached XP level 2. HP: 14/14 MP: 5/5
   489 | D:2      | Reached XP level 3. HP: 18/18 MP: 6/6
  1021 | D:2      | Gained mutation: Your natural rate of healing is unusually fast. [Vine Stalker growth]
  1021 | D:2      | Reached XP level 4. HP: 19/23 MP: 7/7
  1153 | D:3      | Noticed Ijyb
  1187 | D:3      | Killed Ijyb
  1749 | D:3      | Reached XP level 5. HP: 28/28 MP: 8/8
  2364 | D:4      | Noticed Grinder
  2446 | D:5      | Entered Level 5 of the Dungeon
  2472 | D:4      | Found Jofo's Weapon Shop.
  2530 | D:4      | Paralysed by Grinder for 2 turns
  2540 | D:4      | Reached XP level 6. HP: 20/33 MP: 7/9
  2575 | D:4      | Killed Grinder
  2575 | D:4      | Reached XP level 7. HP: 11/38 MP: 10/10
  2627 | D:4      | Gained mutation: You occasionally shout uncontrollably at your foes. [potion of mutation]
  2627 | D:4      | Gained mutation: Your flesh is cold resistant. (rC+) [potion of mutation]
  2627 | D:4      | Gained mutation: Armour fits poorly on your strangely shaped body. [potion of mutation]
  2725 | D:4      | Noticed Eustachio
  2748 | D:4      | Slain by an ufetubus

Vault maps used:
D:1:      dpeg_arrival_pond
D:2:      first_bread
D:3:      serial_bayou, serial_bayou_lake_a, serial_bayou_shore_a,
          serial_bayou_pond_a, serial_bayou_crossing, serial_bayou_ford_a,
          serial_bayou_pond_d, uniq_iyjb
D:4:      minmay_wonky_spiral, serial_shops, shop, uniq_eustachio, uniq_grinder
D:5:      roderic_batcave

Skill      XL: |  1  2  3  4  5  6 |
---------------+-------------------+-----
Fighting       | 1 2 3 4 |  4.5
Dodging        | 2 3 4 |  4.3
Short Blades   | |  0.8
Stealth        | |  1.2
Evocations     | |  2.6

Action                   |  1- 3 |  4- 6 |  7- 9 || total
-------------------------+-------+-------+-------++-------
Melee: Short sword       |    90 |   170 |    17 ||   277
       Bite              |    22 |    47 |     5 ||    74
Evoke: Wand              |     6 |    16 |       ||    22
  Use: Potion            |     1 |       |     1 ||     2
       Scroll            |       |     1 |       ||     1
  Eat: Chunk             |       |     6 |       ||     6
Armor: Leather armour    |    17 |       |       ||    17
       Ring mail         |    22 |    59 |    10 ||    91
Dodge: Dodged            |    77 |   111 |    29 ||   217
